 Dungeon Crawl Stone Soup version 0.18.1-48-g4cf74bf (webtiles) character file.

330 boogeech the Shield-Bearer (level 6, 35/39 HPs)
             Began as a Gargoyle Fighter on June 28, 2016.
             Was a Follower of Makhleb.
             Starved to death
             ... while paralysed
             ... on level 3 of the Dungeon.
             The game lasted 00:08:17 (2843 turns).

boogeech the Shield-Bearer (Gargoyle Fighter)       Turns: 2843, Time: 00:08:18

Health: 35/39      AC: 16    Str: 25    XL:     6   Next: 51%
Magic:  15/15      EV:  2    Int:  9    God:    Makhleb [*.....]
Gold:   163        SH:  0    Dex: 10    Spells: 0 memorised, 5 levels left

rFire  . . .     SeeInvis +     a - +0 flail
rCold  . . .     Gourm    .     B - +0 chain mail
rNeg   + . .     Faith    .     c - +0 shield
rPois  ∞         Spirit   .     (no helmet)
rElec  +         Dismiss  .     b - +0 cloak
rCorr  .         Reflect  .     (no gloves)
SustAt .         Harm     .     z - +0 pair of boots
MR     .....                    (no amulet)
Stlth  ..........               y - ring of magical power
                                x - ring of see invisible

@: paralysed, mighty, fainting, not resistant to hostile enchantments, extremely
unstealthy
A: negative energy resistance 1, electricity resistance, unbreathing,
petrification resistance, rot immunity, AC +4
a: Renounce Religion


You were on level 3 of the Dungeon.
You worshipped Makhleb.
Makhleb was aware of your devotion.
You were fainting.

You visited 2 branches of the dungeon, and saw 5 of its levels.

You collected 163 gold pieces.

Inventory:

Hand Weapons
 a - a +0 flail (weapon)
 m - a +1 hunting sling of flaming
Missiles
 o - 93 stones (quivered)
Armour
 b - a +0 cloak (worn)
 c - a +0 shield (worn)
 z - a +0 pair of boots (worn)
 B - a +0 chain mail (worn)
Jewellery
 x - a ring of see invisible (left hand)
 y - a ring of magical power (right hand)
Scrolls
 e - 2 scrolls of identify
 i - 2 scrolls of recharging {unknown}
 j - 4 scrolls of enchant weapon {unknown}
 k - a scroll of teleportation {unknown}
 l - 2 scrolls of fog {unknown}
 n - a scroll of remove curse {unknown}
 p - 3 scrolls of noise {unknown}
 r - a scroll of fear {unknown}
 u - a scroll of enchant armour {unknown}
 w - a scroll of blinking {unknown}
Potions
 d - a potion of might
 h - 2 potions of curing {unknown}
 q - a potion of cancellation {unknown}
 s - a potion of brilliance {unknown}
 t - a potion of haste {unknown}
 v - 2 potions of agility {unknown}
 A - a potion of mutation {unknown}


   Skills:
 * Level 4.4 Fighting
 * Level 3.3 Maces & Flails
 * Level 4.4 Armour
 + Level 1.6 Dodging
 + Level 2.0 Stealth
 * Level 4.6 Shields


You had 5 spell levels left.
You didn't know any spells.

Dungeon Overview and Level Annotations

Branches:
Dungeon (4/15)             Temple (1/1) D:4

Altars:
Ashenzari
Cheibriados
Dithmenos
Elyvilon
Kikubaaqudgha
Makhleb
Nemelex Xobeh
Okawaru
Pakellas
Ru
Vehumet
Zin

Shops:
D:4 =[


Innate Abilities, Weirdness & Mutations

You are resistant to torment.
Your stone body is resilient (AC +4).
You are immune to poison.
You resist negative energy.
You are resistant to electric shocks.
You can survive without breathing.
You are immune to petrification.
You are immune to rotting.


Message History

The hungry ghost is severely damaged.
You block the hungry ghost's attack. The hungry ghost hits you.
You feel slightly more hungry.
You completely miss the hungry ghost.
The hungry ghost is severely damaged.
The hungry ghost hits you.
You feel slightly more hungry.
Your shield and chain mail prevent you from hitting the hungry ghost.
The hungry ghost is severely damaged.
The hungry ghost hits you.
You feel slightly more hungry.
You miss the hungry ghost.
The hungry ghost is heavily damaged.
You lose consciousness!
The hungry ghost hits you.
You feel slightly more hungry. The hungry ghost hits you.
You feel slightly more hungry. The hungry ghost barely misses you.
The hungry ghost hits you.
You feel slightly more hungry. The hungry ghost hits you.
You feel slightly more hungry. The hungry ghost barely misses you. x2
You have starved to death.
You die...

#.# ####.####
#...>...#
#.#####.# #.# #.#
#.# #.### #.#
#...#
#####.#####.#.#
#...........#@#
#.###########W#
#.# #.# #.# ###
#.# #.# ##.## #.#
####.# ##...## #.#
.....###.....###.#
#######..........#
##..)..#####


You could see a hungry ghost.

Vanquished Creatures
  The ghost of junkhipster the Skirmisher, an amateur HOFi (D:3)
  2 iguanas (D:4)
  A worker ant (D:4)
  A gnoll (D:1)
  6 adders
  2 oozes
  2 worms
  A dart slug (D:1)
  A giant gecko (D:2)
  13 orcs
  6 bats
  5 giant cockroaches
  5 goblins
  13 hobgoblins
  A ball python (D:3)
  4 giant newts
  7 kobolds
  3 rats
74 creatures vanquished.

Notes
Turn   | Place    | Note
--------------------------------------------------------------
     0 | D:1      | boogeech the Gargoyle Fighter began the quest for the Orb.
     0 | D:1      | Reached XP level 1. HP: 14/14 MP: 1/1
   173 | D:1      | Reached XP level 2. HP: 11/19 MP: 2/2
   362 | D:1      | Reached XP level 3. HP: 23/23 MP: 3/3
   624 | D:2      | Reached skill level 1 in Dodging
   653 | D:2      | Found a burning altar of Makhleb.
   787 | D:2      | Reached XP level 4. HP: 29/29 MP: 4/4
   946 | D:2      | Found a sparkling altar of Nemelex Xobeh.
  1151 | D:2      | Found a white marble altar of Elyvilon.
  1243 | D:2      | Became a worshipper of Makhleb the Destroyer
  1408 | D:3      | Reached XP level 5. HP: 33/33 MP: 5/5
  1414 | D:3      | Reached skill level 1 in Stealth
  1541 | D:3      | Noticed junkhipster's ghost (amateur HOFi)
  1551 | D:3      | Killed junkhipster's ghost
  1885 | D:3      | Reached XP level 6. HP: 33/38 MP: 6/6
  1931 | D:3      | Reached * piety under Makhleb
  2101 | D:3      | Found an oddly glowing altar of Pakellas.
  2293 | D:4      | Found an iron altar of Okawaru.
  2312 | D:4      | Found a staircase to the Ecumenical Temple.
  2326 | Temple   | Entered the Ecumenical Temple
  2367 | D:4      | Found Worel's Jewellery Emporium.
  2750 | D:4      | Found Rureq's Armour Emporium.
  2751 | D:4      | Noticed a hungry ghost
  2836 | D:3      | Paralysed by fainting for 11 turns
  2843 | D:3      | Starved to death

Skill      XL: |  1  2  3  4  5  6 |
---------------+-------------------+-----
Dodging        | 1 |  1.6
Shields        | 4 |  4.6
Stealth        | 1 2 |  2.0
Armour         | 4 |  4.4
Fighting       | 4 |  4.4
Maces & Flails | 3 |  3.3

Action                   |  1- 3 |  4- 6 || total
-------------------------+-------+-------++-------
Melee: Flail             |    90 |   227 ||   317
  Use: Scroll            |     1 |     3 ||     4
       Potion            |       |     2 ||     2
  Eat: Chunk             |       |     5 ||     5
       Pizza             |       |     1 ||     1
       Meat ration       |       |     3 ||     3
       Bread ration      |       |     2 ||     2
Armor: Scale mail        |    81 |    63 ||   144
       Chain mail        |       |    67 ||    67
Dodge: Dodged            |    43 |    58 ||   101
Block: Shield            |    61 |    98 ||   159
